 Dungeon Crawl Stone Soup version 0.19-a0-1291-gc8f5409 (webtiles) character file.

3317282 chequers the Axe Maniac (level 27, 232/232 HPs)
             Began as a Minotaur Fighter on Aug 29, 2016.
             Was the Champion of Hepliaklqana.
             Escaped with the Orb
             ... and 5 runes on Aug 30, 2016!
             The game lasted 04:34:04 (67373 turns).

chequers the Axe Maniac (Minotaur Fighter)         Turns: 67373, Time: 04:34:05

Health: 232/232    AC: 32    Str: 22    XL:     27
Magic:  30/30      EV: 31    Int: 20    God:    Hepliaklqana [******]
Gold:   5680       SH:  0    Dex: 29    Spells: 3 memorised, 18 levels left

rFire  + + .     SeeInvis +     a - +9 executioner's axe (vamp)
rCold  . . .     Gourm    .     Y - +8 fire dragon armour
rNeg   + + .     Faith    .     (shield currently unavailable)
rPois  +         Spirit   +     K - +0 hat of Baump {Int+4 Dex+6}
rElec  .         Dismiss  .     t - +2 cloak {MR+}
rCorr  .         Reflect  .     G - +2 pair of gloves
MR     +++..     Harm     .     Q - +1 pair of boots of Megh {Str-3 Dex+4 SInv}
Stlth  +......... Rnd*Tele +    j - amulet of Ucablane {Spirit rPois rN+ Int+2 Dex+4}
                                P - +3 ring of slaying
                                y - ring of Ixtyttoi {rC+ rN+ Int+5}

@: no status effects
A: retaliatory headbutt, horns 2, clever 1, clumsy 1, deformed body, low mp 1,
sense surroundings 1, slow regeneration 1, teleportitis 2, MP-powered wands
a: Recall Ancestor, Ancestor Identity, Transference, Idealise, Renounce Religion
0: Orb of Zot
}: 5/15 runes: decaying, serpentine, slimy, silver, abyssal


You escaped.
You worshipped Hepliaklqana.
Hepliaklqana was exalted by your worship.
You were not hungry.

You visited 13 branches of the dungeon, and saw 59 of its levels.
You visited the Abyss 2 times.
You visited 1 bazaar.
You also visited: Labyrinth, Sewer, Ossuary, Volcano, Wizlab and Desolation.

You collected 10268 gold pieces.
You spent 4588 gold pieces at shops.

Inventory:

Hand Weapons
 a - a +9 vampiric executioner's axe (weapon)
Armour
 t - a +2 cloak of magic resistance (worn)
 u - a +1 cloak
 G - a +2 pair of gloves (worn)
 K - the +0 hat of Baump (worn) {Int+4 Dex+6}
   (You found it on level 4 of the Vaults)

   It affects your intelligence (+4).
   It affects your dexterity (+6).
 Q - the +1 pair of boots of Megh (worn) {Str-3 Dex+4 SInv}
   (You found it on level 5 of the Vaults)

   It affects your strength (-3).
   It affects your dexterity (+4).
   It lets you see invisible.
 Y - a +8 fire dragon armour (worn)
Rods
 b - a +4 rod of clouds (13/13)
   (You found it on level 6 of the Lair of Beasts)
Jewellery
 j - the amulet of Ucablane (around neck) {Spirit rPois rN+ Int+2 Dex+4}
   (You found it on level 3 of the Crypt)

   [amulet of guardian spirit]

   It causes incoming damage to be split between your health and magic.
   It affects your intelligence (+2).
   It affects your dexterity (+4).
   It protects you from poison.
   It protects you from negative energy.
 x - a +4 ring of evasion
 y - the ring of Ixtyttoi (left hand) {rC+ rN+ Int+5}
   (You took it off a servant of whispers in the Desolation of Salt)

   [ring of intelligence]

   It affects your intelligence (+5).
   It protects you from cold.
   It protects you from negative energy.
 P - a +3 ring of slaying (right hand)
Wands
 i - a wand of teleportation (1/9)
 l - a wand of digging (11/24)
 I - a wand of teleportation (4/9)
 L - a wand of hasting (5/9)
 N - a wand of heal wounds (3/9)
 U - a wand of heal wounds (6/9)
Scrolls
 c - 4 scrolls of silence
 n - 5 scrolls of fear
 q - 9 scrolls of fog
 v - 8 scrolls of recharging
 D - 8 scrolls of identify
 E - 4 scrolls of blinking
 J - 19 scrolls of teleportation
 V - 10 scrolls of remove curse
 W - a scroll of amnesia
 X - 7 scrolls of holy word
Potions
 d - a potion of might
 h - a potion of resistance
 p - 13 potions of heal wounds
 r - 24 potions of curing
 s - 5 potions of agility
 z - 9 potions of flight
 A - 5 potions of berserk rage
 F - a potion of invisibility
 T - 3 potions of cancellation
Miscellaneous
 e - 4 boxes of beasts
 m - a lamp of fire
 o - a fan of gales
 C - a sack of spiders
 H - a phial of floods (inert)
 O - 2 phantom mirrors
Comestibles
 f - 14 bread rations
 k - 51 fruits
 B - 25 meat rations
 M - 27 beef jerkies


   Skills:
 + Level 23.3 Fighting
 O Level 27 Axes
 - Level 24.2 Armour
 + Level 20.2 Dodging
   Level 3.6 Shields
 - Level 12.9 Charms
 - Level 14.5 Necromancy
 - Level 6.2 Air Magic
 - Level 15.8 Invocations
 - Level 14.1 Evocations


You had 18 spell levels left.
You knew the following spells:

 Your Spells              Type           Power        Failure   Level  Hunger
a - Regeneration          Chrm/Necr      ######....   1%          3    ####...
b - Spectral Weapon       Hex/Chrm       ####....     10%         3    ####...
c - Repel Missiles        Chrm/Air       #####.       1%          2    ###....


Dungeon Overview and Level Annotations

Branches:
Dungeon (15/15)            Temple (1/1) D:6            Lair (6/6) D:11
  Swamp (4/4) Lair:4        Snake (4/4) Lair:4        Slime (5/5) Lair:6
    Orc (2/2) D:11            Elf (3/3) Orc:2        Vaults (5/5) D:14
  Crypt (3/3) Vaults:3       Tomb (0/3) Crypt:3      Depths (5/5) D:15
   Hell (1/1)                 Dis (0/7) Hell            Geh (0/7) Hell
    Coc (0/7) Hell            Tar (0/7) Hell            Zot (5/5) Depths:5

Altars:
Cheibriados
Hepliaklqana
Kikubaaqudgha
Makhleb
Trog
Vehumet
Yredelemnul
Jiyva
Lugonu

Shops:
D:11 =   Orc:1 %}*   Orc:2 [:!*:   Elf:1 (!   Elf:3 [=}}   Vaults:3 (
Depths:1 %(   Depths:5 *

Portals:
Hell: Depths:1 Depths:2 Depths:3 Depths:4 Depths:5
Abyss: Depths:1 Depths:2 Depths:4
Pandemonium: Depths:2 Depths:3 Depths:5
Ziggurat: Depths:5

Annotations:
Swamp:3 Mara
Elf:2 1 runed door
Zot:5 exclusion: 2 doors


Innate Abilities, Weirdness & Mutations

You reflexively headbutt those who attack you in melee.
You have a pair of horns on your head.
Your mind is acute. (Int +2)
You are clumsy. (Dex -2)
Armour fits poorly on your strangely shaped body.
Your magical capacity is low. (-10% MP)
You passively map a small area around you.
You regenerate slowly when monsters are visible.
You are sometimes teleported next to monsters.
You expend magic power (3 MP) to strengthen your wands.


Message History

You closely miss the Orb Guardian. Your headbutt misses the Orb Guardian.
The Orb Guardian is lightly wounded.
Octavia hits the Orb Guardian with an antimagic quick blade.
The Orb Guardian barely misses you.
You slice the Orb Guardian!! Your headbutt misses the Orb Guardian.
The Orb Guardian is moderately wounded.
Octavia gestures at the Orb Guardian while chanting.
The Orb Guardian resists with almost no effort.
The Orb Guardian hits you but does no damage.
You chop the Orb Guardian into pieces!!!
You headbutt the Orb Guardian!
The Orb Guardian is almost dead.
Octavia closely misses the Orb Guardian.
The Orb Guardian hits you but does no damage.
You slice the Orb Guardian!!
You kill the Orb Guardian!
You slash the goblin!
You kill the goblin!
You can't go down here!
You have escaped!

#.##...##...##...##...# #
#.##..####..##..####..# ###
#.##..####..##..####..# #..
#.##...##...##...##...# #.#
#.##..................# #.#
#.###................## #.#
#.########..##).###### ####'#
#..#######..##).###### #.....
##.##......4R@.......##
#.⌠...
#.#..................###.....
#.#...##...##...##...#.'...⌠.
#.#..####..##..####..#.#.....
#.#..####..##..####..#.#.⌠...
#.#...##...##...##...#.#.....
#.#........##...)....#.####'#
#.#'......####......'#.##....
#..######## ########..##....


You could see the friendly Octavia the hexer and a red devil.

Vanquished Creatures
  the Royal Jelly (Slime:5)
  2 ancient liches
  4 orbs of fire
  A pandemonium lord (Zot:1)
  2 juggernauts (Depths:3)
  3 greater mummies (Depths:2)
  Frederick (Depths:3)
  A Killer Klown (Zot:5)
  Xtahua (Vaults:2)
  A curse toe (Zot:1)
  7 golden dragons
  Geryon (Hell)
  The ghost of Akrasiac the Severer, a veteran HuFi of Okawaru (Vaults:5)
  2 profane servitors (Crypt:3)
  the Enchantress (Depths:4)
  3 bone dragons
  4 electric golems
  6 liches
  10 tentacled monstrosities
  The ghost of Lasiace the Impaler, an adept MfIE of Sif Muna (Desolation)
  16 Orb Guardians
  9 titans (Vaults:5)
  2 deep elf blademasters
  5 quicksilver dragons
  4 deep elf master archers (Elf:3)
  Murray (Hell)
  9 acid blobs
  11 death cobs
  Kirke (D:14)
  An ancient champion (Crypt:2)
  5 sphinxes
  5 tentacled starspawn
  4 thorn hunters
  Roxanne (D:15)
  3 draconian monks (Zot:1)
  Agnes (D:14)
  6 tengu reavers
  2 revenants
  8 greater nagas
  11 azure jellies
  7 storm dragons
  12 shadow dragons
  7 fire giants
  A draconian knight (Depths:5)
  7 deep elf sorcerers
  8 frost giants
  3 draconian zealots
  6 draconian scorchers
  4 imperial myrmidons (Desolation)
  3 iron dragons
  2 orc warlords
  5 balrugs
  13 vault wardens
  Aizul (Swamp:3)
  2 curse skulls (Crypt:3)
  5 deep elf elementalists (Elf:3)
  3 cacodemons
  6 caustic shrike skeletons (Depths:4)
  A caustic shrike zombie (Depths:3)
  11 ghouls
  3 draconian shifters
  13 ironheart preservers
  A draconian annihilator (Zot:1)
  6 reapers (Hell)
  4 war gargoyles
  3 spriggan defenders (Depths:4)
  A draconian caller (Zot:5)
  18 very ugly things
  2 entropy weavers
  21 stone giants
  8 vampire knights
  Nessos (D:15)
  Azrael (Elf:2)
  3 green draconians
  4 black draconians
  3 red draconians
  5 white draconians
  7 deep elf demonologists
  8 deep elf annihilators
  5 yellow draconians
  A halazid warlock (Desolation)
  A lorocyproca (Hell)
  A dire elephant (Depths:4)
  4 purple draconians
  6 mottled draconians
  3 spark wasps (Depths:5)
  Snorg (D:10)
  15 ettins
  4 blizzard demons
  11 eidola
  13 fire dragons
  7 ragged hierophants (Desolation)
  A minotaur (Lab)
  A death ooze (Slime:5)
  3 crystal guardians
  5 deep elf death magi
  3 mummy priests
  A minotaur (shapeshifter) (Depths:4)
  3 green deaths
  6 jiangshi
  11 great orbs of eyes
  16 yaktaur captains
  8 deep elf high priests
  7 servants of whispers (Desolation)
  20 hydras
  The ghost of Ultraviolent4 the Grappler, a journeyman TrFi of the Shining One (Orc:2)
  31 vault guards
  9 peacekeepers (Desolation)
  2 hell beasts
  2 ghost crabs (shapeshifter)
  16 naga warriors
  3 spriggan air magi
  8 rakshasas
  11 ogre magi
  12 ice dragons
  3 catoblepae
  3 ghost crabs
  4 death knights
  An alligator snapping turtle (Desolation)
  11 anacondas
  35 dancing weapons
  12 centaur warriors
  4 deep troll shamans
  10 death yaks
  11 hell hogs (Hell)
  2 vampire magi (Crypt:1)
  11 tengu warriors
  5 alligators
  5 deep troll earth magi
  2 titan zombies
  6 orc high priests
  28 deep elf knights
  3 shock serpents
  4 thrashing horrors
  5 iron golems
  Nergalle (D:10)
  Urug (D:10)
  Sonja (D:11)
  4 spriggan berserkers
  13 naga sharpshooters
  6 soul eaters
  7 sun demons
  5 hell knights
  A salamander mystic (Snake:3)
  8 wretched stars
  20 skeletal warriors
  2 shadow wraiths
  A shock serpent (shapeshifter) (Vaults:5)
  7 sixfirhies
  A golden dragon zombie (Crypt:2)
  A storm dragon skeleton (Crypt:1)
  A titan skeleton (Crypt:2)
  3 naga ritualists
  A fire crab (shapeshifter) (Vaults:2)
  A giant orange brain (Depths:2)
  An entropy weaver zombie (Crypt:1)
  4 flayed ghosts
  A ghost moth zombie (Crypt:3)
  5 wizards
  2 anaconda zombies (Hell)
  An orange crystal statue (Zot:1)
  20 starcursed masses
  An unseen horror (D:12)
  9 spriggan druids
  13 deep trolls
  A lindwurm (shapeshifter) (Depths:4)
  A swamp dragon (shapeshifter) (Vaults:4)
  9 swamp dragons
  19 deep elf archers
  A shadow dragon zombie (Vaults:4)
  A shambling mangrove (Swamp:4)
  19 ironbrand convokers
  5 necromancers
  6 hill giants
  A lindwurm (Volcano)
  13 orc knights
  2 iron dragon zombies (Crypt:3)
  6 harpies
  An orb spider (shapeshifter) (Vaults:1)
  2 hornets
  36 phantasmal warriors
  A frost giant zombie (Crypt:3)
  A shadow dragon skeleton (Abyss:2)
  6 oklob plants
  3 griffons
  An orc sorcerer (Vaults:1)
  57 deep elf magi
  6 mana vipers
  10 cyclopes
  3 stone giant zombies
  A tengu skeleton (Vaults:4)
  A fire giant zombie (Depths:3)
  35 ugly things
  5 shining eyes
  11 salamanders
  5 wolf spiders
  A salamander (shapeshifter) (Vaults:4)
  2 worldbinders (Abyss:2)
  2 manticores
  3 elephants (Lair:6)
  3 frost giant skeletons (Vaults:4)
  A dire elephant zombie (Crypt:3)
  A black mamba (shapeshifter) (Vaults:3)
  An eye of devastation (Slime:5)
  8 smoke demons
  3 guardian serpents (shapeshifter)
  11 moths of wrath
  32 black mambas
  A toenail golem (WizLab)
  9 guardian serpents
  An apocalypse crab (Abyss:2)
  7 rust devils
  21 spiny frogs
  13 vault sentinels
  9 gargoyles
  3 molten gargoyles
  14 naga magi
  2 titan simulacra (Depths:3)
  6 orange demons
  Psyche (D:11)
  An emperor scorpion zombie (Crypt:3)
  A spriggan skeleton (Depths:3)
  A hellion (Hell)
  A minotaur zombie (Lab)
  A yaktaur zombie (Vaults:4)
  12 freezing wraiths
  48 yaktaurs
  3 rime drakes
  8 komodo dragons
  A demonic crawler (Hell)
  3 ice devils
  5 red devils
  A catoblepas skeleton (Crypt:1)
  3 hellwings
  5 tengu conjurers
  A mottled draconian skeleton (Crypt:1)
  A pale draconian skeleton (Crypt:1)
  7 ancient zymes
  2 queen bees
  5 meliai (Abyss:4)
  9 polar bears
  A hydra zombie (Crypt:3)
  8 trolls
  12 giant leeches
  7 two-headed ogres
  14 raiju
  A moth of wrath zombie (Crypt:2)
  69 slime creatures
  A minotaur skeleton (Lab)
  5 boulder beetles
  53 saltlings (Desolation)
  7 bog bodies
  A boulder beetle (shapeshifter) (D:15)
  2 ettin zombies (Crypt:3)
  25 blink frogs
  A fire dragon zombie (Crypt:3)
  24 large abominations
  2 dream sheep (Lair:6)
  A fire giant simulacrum (Vaults:2)
  A meliai zombie (D:13)
  2 redbacks (Vaults:5)
  7 air elementals
  5 flying skulls
  13 small abominations
  A human simulacrum (Vaults:1)
  15 wraiths
  3 shadows
  47 spriggans
  7 ynoxinuls
  6 water elementals
  2 wyverns
  2 ushabtiu (Crypt:3)
  A vampire (D:13)
  2 hogs (D:14)
  A tarantella (Vaults:5)
  A golden eye (shapeshifter) (Vaults:4)
  4 basilisks
  45 yaks
  2 golden eyes
  8 chaos spawn
  19 fire elementals
  10 hippogriffs
  A hungry ghost (D:11)
  20 vampire mosquitoes
  21 swamp worms
  8 wargs
  55 nagas
  A gelid demonspawn zombie (Crypt:2)
  7 neqoxecs
  A mottled dragon (shapeshifter) (Vaults:5)
  An insubstantial wisp (Abyss:1)
  A soldier ant (shapeshifter) (Abyss:3)
  A soldier ant (D:13)
  2 spiny frog zombies (Hell)
  23 hell hounds
  A hydra simulacrum (Hell)
  10 porcupines
  15 water moccasins
  14 swamp drakes
  Duvessa (D:7)
  3 giant eyeballs (Elf:1)
  6 ice beasts
  3 sky beasts
  A spiny frog skeleton (Hell)
  A meliai simulacrum (D:14)
  39 orc warriors
  21 wasps
  14 black bears
  An eye of draining (shapeshifter) (Depths:4)
  14 necrophages
  A phantom (D:13)
  3 eyes of draining
  An ettin simulacrum (Vaults:4)
  10 boggarts
  33 ogres
  10 wolves
  14 centaurs
  10 crocodiles
  2 elf zombies (Ossuary)
  3 big kobolds
  9 earth elementals
  11 giant frogs
  A wyvern zombie (D:11)
  A hell hound zombie (Crypt:2)
  A glowing shapeshifter simulacrum (Vaults:2)
  A spiny frog simulacrum (Hell)
  A gnoll sergeant (D:9)
  Dowan (D:7)
  2 scorpions
  8 wyvern skeletons (Crypt:3)
  33 killer bees
  A troll zombie (Crypt:3)
  A water moccasin skeleton (Crypt:2)
  4 howler monkeys
  3 electric eels
  10 crimson imps
  A hound (shapeshifter) (Depths:5)
  10 jellies
  8 quasits
  A wasp zombie (D:8)
  4 centaur skeletons
  19 hounds
  6 centaur zombies
  A giant frog skeleton (D:13)
  33 orc priests
  5 human zombies
  5 iron imps
  15 iguanas
  2 hexers
  A human skeleton (Crypt:1)
  A black bear skeleton (Crypt:1)
  21 orc wizards
  11 worker ants
  A mottled dragon skeleton (Crypt:2)
  An ogre skeleton (Lab)
  11 mummies
  A howler monkey zombie (D:5)
  Robin (D:3)
  A howler monkey skeleton (Crypt:1)
  15 adders
  6 gnolls
  78 river rats
  4 shadow imps
  2 white imps
  5 ufetubi
  An ooze (D:1)
  An adder zombie (D:6)
  An iguana zombie (Crypt:2)
  A worm (D:2)
  A dart slug (D:2)
  4 giant geckos
  96 orcs
  3 bats
  2 giant cockroaches
  11 goblins
  9 hobgoblins
  17 jackals
  4 quokkas
  2 ball pythons
  A ball python zombie (Crypt:1)
  4 giant newts
  A goblin zombie (D:5)
  8 kobolds
  A quokka skeleton (D:5)
  A quokka zombie (D:6)
  11 rats
  2 crawling corpses (Elf:3)
  17 fungi
  A lurking horror (Abyss:3)
  7 plants
  6 starspawn tentacles
  2 toadstools (Swamp:1)
  8 withered plants (Crypt:3)
2871 creatures vanquished.

Vanquished Creatures (collateral kills)
  2 golden dragons
  A tentacled monstrosity (Abyss:3)
  2 Orb Guardians (Zot:5)
  An acid blob (Slime:5)
  A titan (Vaults:5)
  A sphinx (Depths:4)
  A shadow dragon (Depths:5)
  An azure jelly (Slime:5)
  A draconian scorcher (Zot:5)
  A deep elf sorcerer (Elf:1)
  A draconian zealot (Zot:4)
  A draconian shifter (Zot:1)
  A ghoul (Crypt:2)
  An ironheart preserver (Vaults:5)
  A reaper (Hell)
  A stone giant (Vaults:5)
  A lorocyproca (Hell)
  2 black draconians (Zot:1)
  A red draconian (Abyss:3)
  A ragged hierophant (Desolation)
  A yellow draconian (Zot:5)
  2 mottled draconians
  A crystal guardian (WizLab)
  An eidolon (Abyss:4)
  Josephine (D:11)
  A great orb of eyes (Vaults:3)
  A fire dragon (Depths:3)
  2 yaktaur captains
  A rakshasa (Depths:2)
  An ice dragon (Vaults:4)
  2 naga warriors (Snake:4)
  A servant of whispers (Desolation)
  2 spriggan air magi (Depths:4)
  3 hydras
  A vault guard (Vaults:4)
  4 dancing weapons
  2 death knights
  2 hell hogs (Hell)
  A deep troll earth mage (Depths:3)
  2 spriggan berserkers (Depths:4)
  A death yak (Lair:6)
  A soul eater (Hell)
  A thrashing horror (Abyss:1)
  2 wretched stars (Abyss:4)
  A naga sharpshooter (Snake:4)
  2 anaconda zombies
  A shadow demon (Abyss:4)
  A deep troll (Depths:2)
  2 spriggan druids (Swamp:4)
  A wizard (Vaults:4)
  A swamp dragon (shapeshifter) (Vaults:5)
  A deep elf archer (Elf:1)
  A swamp dragon (Swamp:4)
  An orc knight (Orc:2)
  5 deep elf magi
  An ugly thing (Depths:5)
  A manticore (Depths:4)
  2 moths of wrath
  2 black mambas
  An orange demon (Hell)
  A naga mage (Snake:1)
  A spiny frog (Lair:6)
  A yaktaur (Vaults:1)
  An ice devil (Zot:1)
  4 komodo dragons
  2 red devils
  A troll (Orc:1)
  A giant leech (Swamp:4)
  3 raiju (Abyss:4)
  2 two-headed ogres
  4 slime creatures
  A blink frog (Lair:5)
  3 saltlings (Desolation)
  A spriggan (Depths:4)
  An air elemental (Depths:3)
  3 large abominations
  5 yaks
  A wyvern (Lair:6)
  A neqoxec (Abyss:4)
  A hippogriff (D:9)
  A hungry ghost (D:14)
  2 hogs (D:14)
  A steam dragon (Lair:3)
  2 vampire mosquitoes
  2 swamp worms
  3 wargs
  2 nagas (Snake:4)
  A giant eyeball (Depths:4)
  2 hell hounds (Hell)
  7 orc warriors
  An ice beast (D:10)
  A sky beast (D:5)
  An alligator simulacrum (Hell)
  3 ogres
  A wasp (Depths:4)
  3 centaurs
  A boggart (Vaults:2)
  4 wolves
  3 crocodiles
  2 elf zombies (Ossuary)
  An earth elemental (Elf:1)
  A wyvern skeleton (Crypt:3)
  6 killer bees
  An electric eel (Lair:1)
  Crazy Yiuf (D:3)
  A jelly (Slime:1)
  A human zombie (Ossuary)
  An orc priest (Orc:2)
  An iguana (D:11)
  An iron imp (D:1)
  2 human skeletons (Crypt:1)
  3 orc wizards
  A lightning spire (Zot:1)
  A mummy (Crypt:1)
  A gnoll (D:9)
  An adder (D:9)
  6 river rats
  An ufetubus (Abyss:2)
  2 orcs (Vaults:5)
  A hobgoblin (D:3)
  2 quokkas
  A hobgoblin zombie (D:5)
  3 kobolds
  A plant (Lair:1)
206 creatures vanquished.

Vanquished Creatures (others)
  An Orb Guardian (Zot:5)
  A hellephant (Abyss:3)
  An alligator (Swamp:2)
  A deep elf knight (Elf:1)
  An orange crystal statue (Zot:1)
  A giant leech (Swamp:2)
  A saltling (Desolation)
  A fire elemental (Elf:1)
  A giant eyeball (Elf:1)
  A hell hound (Elf:2)
  2 boggarts
  2 small abominations
  A hound (Lair:6)
  45 hexers
  A river rat (Lair:1)
  An ancestor (D:2)
  2 briar patches (Swamp:4)
  A fire vortex (Volcano)
  9 fungi (Lair:6)
  22 plants
  9 starspawn tentacles
  9 toadstools (Swamp:1)
  2 withered plants (Crypt:3)
116 creatures vanquished.

Grand Total: 3193 creatures vanquished

Notes
Turn   | Place    | Note
-------+----------+-------------------------------------------
     0 | D:1      | chequers the Minotaur Fighter began the quest for the Orb.
     0 | D:1      | Reached XP level 1. HP: 19/19 MP: 0/0
    87 | D:1      | Reached skill level 3 in Axes
    96 | D:1      | Reached XP level 2. HP: 15/26 MP: 1/1
   482 | D:1      | Reached skill level 4 in Axes
   965 | D:2      | Reached XP level 3. HP: 26/31 MP: 2/2
  1422 | D:2      | Found a faded altar of an unknown god.
  1431 | D:2      | Became a worshipper of Hepliaklqana
  1431 | D:2      | Reached * piety under Hepliaklqana
  1637 | D:2      | Reached skill level 5 in Axes
  1946 | D:3      | Reached XP level 4. HP: 35/35 MP: 3/3
  1947 | D:3      | Noticed Robin
  1958 | D:3      | Killed Robin
  2147 | D:3      | Found a runed door.
  2499 | D:3      | Noticed Crazy Yiuf
  2512 | D:3      | Killed Crazy Yiuf
  2512 | D:3      | Reached skill level 6 in Axes
  2564 | D:4      | Reached ** piety under Hepliaklqana
  2565 | D:4      | Remembered your ancestor Octavia as a hexer
  2780 | D:4      | Got a shimmering tin amulet
  2838 | D:4      | Identified the amulet of the Enemy {rC+ rN+ Regen+ Stlth+} (You found it on level 4 of the Dungeon)
  2849 | D:4      | Reached XP level 5. HP: 37/40 MP: 4/4
  3282 | D:4      | Noticed an ogre
  3292 | D:4      | Killed an ogre
  3292 | D:4      | Reached skill level 7 in Axes
  3586 | D:5      | Entered Level 5 of the Dungeon
  3666 | D:5      | Found a sand-covered staircase.
  3674 | Ossuary  | Entered an ossuary
  3681 | Ossuary  | Reached *** piety under Hepliaklqana
  3687 | Ossuary  | Reached XP level 6. HP: 41/45 MP: 5/5
  3693 | Ossuary  | Reached skill level 8 in Axes
  3726 | Ossuary  | Reached skill level 9 in Axes
  3726 | Ossuary  | Reached XP level 7. HP: 28/51 MP: 6/6
  3760 | Ossuary  | Reached skill level 10 in Axes
  4143 | D:5      | Found a glowing drain.
  4143 | D:5      | Reached skill level 11 in Axes
  4152 | Sewer    | Entered a sewer
  4237 | Sewer    | Reached XP level 8. HP: 52/57 MP: 7/7
  4289 | Sewer    | Found a white marble altar of Elyvilon.
  4338 | D:5      | Gained mutation: You have sharp toenails. [potion of beneficial mutation]
  4624 | D:5      | Reached **** piety under Hepliaklqana
  5001 | D:6      | Reached skill level 12 in Axes
  5102 | D:6      | Sixotanaka: holy shit, that's some zoom
  5268 | D:6      | Found Tud Narif's Magic Scroll Emporium.
  5271 | D:6      | Found a staircase to the Ecumenical Temple.
  5277 | D:6      | chequers: ?
  5277 | D:6      | Sixotanaka: the tiles are so big
  5277 | D:6      | Bought a scroll of identify for 22 gold pieces
  5277 | D:6      | Bought a scroll of identify for 22 gold pieces
  5277 | D:6      | Bought a scroll of identify for 22 gold pieces
  5277 | D:6      | Bought a scroll of enchant armour for 82 gold pieces
  5277 | D:6      | Bought a scroll of teleportation for 33 gold pieces
  5278 | D:6      | chequers: rather ruin my eyes playing something fun
  5303 | D:6      | Sixotanaka: haha
  5326 | Temple   | Entered the Ecumenical Temple
  5331 | Temple   | Sixotanaka: fair enough
  5558 | D:6      | Reached ***** piety under Hepliaklqana
  5956 | D:7      | Reached skill level 5 in Armour
  6012 | D:7      | Noticed Dowan
  6013 | D:7      | Noticed Duvessa
  6013 | D:7      | chequers: man since when red drain from "harm
  6019 | D:7      | Killed Duvessa
  6023 | D:7      | Killed Dowan
  6075 | D:7      | Found a hazy altar of Hepliaklqana.
  6075 | D:7      | Noticed an oklob plant
  6150 | D:7      | Identified the Tome of Battle Magic and Ice
  6209 | D:7      | Sixotanaka: yeah, it's a bit wacky
  6215 | D:7      | Reached XP level 9. HP: 47/63 MP: 8/8
  6314 | D:7      | chequers: ??finisher
  6314 | D:7      | beem: finisher[1/1]: The +5 scythe "Finisher" {speed, Str+3}.
  6314 | D:7      | chequers: yes but is it good
  6314 | D:7      | Sixotanaka: scythes are prety meh types
  6314 | D:7      | chequers: i guess it's shit, but still tempting
  6322 | D:7      | chequers: should instakill enemies some % of the time
  6322 | D:7      | Sixotanaka: 0.4 delay at skill 26
  6477 | D:7      | Killed an oklob plant
  6477 | D:7      | Reached skill level 13 in Axes
  6608 | D:8      | chequers: hexer is so fantastic
  6633 | D:8      | Reached skill level 5 in Fighting
  6644 | D:8      | Sixotanaka: yeah, the confuse, slow and para is a bit bonkers
  6711 | D:8      | Reached skill level 14 in Axes
  6815 | D:8      | Found a snail-covered altar of Cheibriados.
  6854 | D:8      | chequers: 3 IDed blink, a randart ammy and hexer on d:8
  6871 | D:8      | Sixotanaka: lol
  6958 | D:8      | chequers: just need a weapon
  7091 | D:8      | Sixotanaka: war axe is fine for now, really
  7093 | D:8      | Reached XP level 10. HP: 56/77 MP: 9/9
  7137 | D:8      | chequers: yeah
  7137 | D:8      | chequers: i should find a flail soon for hydra
  7140 | D:8      | Sixotanaka: i have the worst RNG in the world
  7150 | D:8      | Sixotanaka: definitely had worse than a vorpal war axe in lair ;(
  7150 | D:8      | chequers: true
  7150 | D:8      | Sixotanaka: zxc loves watching crawl throw everything at me
  7155 | D:8      | Sixotanaka: and me also be retarded
  7463 | D:8      | Sixotanaka: crawl needs higher resolution textures
  7615 | D:8      | Sixotanaka: everything looks like you're using a shitty mipmap
  7636 | D:9      | zzxc: um
  7637 | D:9      | zzxc: does it look like large tiles to you
  7644 | D:9      | Sixotanaka: yes
  7651 | D:9      | zzxc: it looks normal size to me
  7651 | D:9      | zzxc: :S
  7655 | D:9      | Sixotanaka: also large scrolls and stuff
  7672 | D:9      | zzxc: http://i.imgur.com/pzHCOU9.png
  7725 | D:9      | Sixotanaka: http://imgur.com/a/clIT4
  7756 | D:9      | chequers: what are you bitching about
  7758 | D:9      | Sixotanaka: nothing
  7777 | D:9      | Sixotanaka: daves just being a fool
  7783 | D:9      | Sixotanaka: ;)
  7853 | D:9      | Sixotanaka: i told him about your big tiles and he had to come see for himself
  7859 | D:9      | Sixotanaka: i guess
  7864 | D:9      | chequers: get to work octavia
  7982 | D:9      | Sixotanaka: ohko an ogre
  7983 | D:9      | Sixotanaka: war axe is plenty fine
  8002 | D:9      | chequers: i wanna manfight hydra
  8041 | D:9      | Sixotanaka: that's like
  8074 | D:9      | Sixotanaka: 95%+ of my lair rips
  8167 | D:9      | Sixotanaka: i know it's gonna kill me every time too
  8294 | D:9      | chequers: i came here to kick ass not to run
  8356 | D:9      | Reached skill level 15 in Axes
  8592 | D:10     | Entered Level 10 of the Dungeon
  8593 | D:10     | Sixotanaka: ??zxc[2
  8593 | D:10     | beem: zxc[2/2]:
  7958 | D:8      | Sixotanaka: after stairdancing that bat, how can u say ur not boring
  8593 | D:10     | Sixotanaka: ^^boring
  8593 | D:10     | Sixotanaka: stair dancing a bat on d8
  8593 | D:10     | zzxc: was probably on d9
  8593 | D:10     | Sixotanaka: yes rofl
  8593 | D:10     | zzxc: u c
  8596 | D:10     | chequers: hm which ring is worse
  8635 | D:10     | Sixotanaka: ugh +3 slaying too
  8641 | D:10     | Sixotanaka: only i could splat this
  8642 | D:10     | Reached skill level 1 in Invocations
  8720 | D:10     | chequers: just watch
  8720 | D:10     | Noticed Urug
  8721 | D:10     | Sixotanaka: urug
  8721 | D:10     | chequers: there's my hydra killer
  8721 | D:10     | Sixotanaka: ??urug
  8721 | D:10     | beem: urug[1/1]: A unique orc knight. Throws javelins.
  8723 | D:10     | Sixotanaka: lol
  8726 | D:10     | Sixotanaka: informative...
  8732 | D:10     | Killed Urug
  8736 | D:10     | Sixotanaka: wiki gets a lot of shit but at least it says more than that
  8779 | D:10     | chequers: an eveningstar with 10 skill is not bad
  8924 | D:10     | Noticed Snorg
  8933 | D:10     | Killed Snorg
  9121 | D:6      | Bought a scroll of teleportation for 33 gold pieces
  9121 | D:6      | Bought a scroll of remove curse for 33 gold pieces
  9121 | D:6      | Bought 3 scrolls of enchant armour for 247 gold pieces
  9134 | D:6      | chequers: reckon i should enchant up that plate
  9134 | D:6      | chequers: it'd be a while before i find a better one
  9192 | D:8      | Sixotanaka: chain is probably more overall rn
  9278 | D:10     | Noticed a hill giant
  9289 | D:10     | Killed a hill giant
  9289 | D:10     | Reached XP level 11. HP: 72/87 MP: 13/13
  9470 | D:10     | Got an ancient scale mail
  9481 | D:10     | Identified the +5 scale mail "Xypnuts" {*Contam rC+ Int+3} (You found it on level 10 of the Dungeon)
  9497 | D:10     | chequers: nvm lol
  9528 | D:10     | Gained mutation: You expend magic power (3 MP) to strengthen your wands. [mutagenic glow]
  9650 | D:10     | Reached skill level 1 in Dodging
  9729 | D:10     | zzxc: TAB
  9734 | D:10     | Reached skill level 16 in Axes
  9766 | D:10     | Noticed Nergalle
  9767 | D:10     | zzxc: TAAB
  9771 | D:10     | zzxc: dubious retreating maneuver
  9778 | D:10     | zzxc: cowardly attempts to stay alive!!
  9785 | D:10     | Killed Nergalle
  9790 | D:10     | chequers: sorry
  9790 | D:10     | chequers: i know you expect better
  9790 | D:10     | chequers: but cpo is really laggy rn
  9790 | D:10     | chequers: i couldn't tab if i wanted
  9790 | D:10     | chequers: seems like a good opportunity to try and win
  9790 | D:10     | zzxc: it's all the boats
  9842 | D:10     | zzxc: can we sink some
  9854 | D:10     | chequers: sink em all
  9873 | D:10     | Sixotanaka: chop the boats!
  9873 | D:10     | zzxc: ok sixo
  9877 | D:10     | zzxc: we've got authorisation
  9907 | D:10     | zzxc: to sink all the boats
  9929 | D:11     | Sixotanaka: yes uv is on
  9929 | D:11     | chequers: what have i authorised...
  9929 | D:11     | Sixotanaka: sink him
  9946 | D:11     | Sixotanaka: lets join his chat and spam ascii at him
  9961 | D:11     | Found a staircase to the Lair.
  9975 | D:11     | Sixotanaka: uhoh
  9975 | D:11     | Sixotanaka: o wait you're a minotaur with an axe
  9976 | D:11     | Sixotanaka: not really that bad
  9987 | D:10     | Sixotanaka: fiveo would have tabbed it down ;)
  9987 | D:10     | Sixotanaka: and then ate all the mut chunks
 10230 | D:11     | Found Xuacabov's Jewellery Emporium.
 10343 | D:11     | Noticed Psyche
 10343 | D:11     | chequers: still no flaming axe UGH
 10343 | D:11     | chequers: this game is the unluckiest
 10349 | D:11     | Sixotanaka: ah i think i just froze
 10350 | D:11     | Sixotanaka: and i reset
 10351 | D:11     | Sixotanaka: and now the tiles are normal sized
 10351 | D:11     | Killed Psyche
 10353 | D:11     | Sixotanaka: err, refreshed
 10374 | D:11     | Sixotanaka: webtiles is.... weird
 10385 | D:11     | Reached skill level 5 in Dodging
 10403 | D:11     | zzxc: xl 11
 10415 | D:11     | zzxc: 21/16/7 defenses
 10415 | D:11     | zzxc: and a pet
 10421 | D:11     | zzxc: how will chequers splat
 10427 | D:11     | Sixotanaka: also a minotaur
 10484 | D:11     | zzxc: cast your bets
 10496 | D:11     | Noticed an ice dragon
 10499 | D:11     | zzxc: will it be an ice dragon
 10500 | D:11     | Sixotanaka: o
 10500 | D:11     | zzxc: yes it will be
 10500 | D:11     | Sixotanaka: that's how
 10500 | D:11     | zzxc: lol
 10500 | D:11     | chequers: @??ice dragon
 10500 | D:11     | beem: ice dragon (D)
                  | Spd:
    10 | HD: 12   | HP: 73-106
                  | AC/EV: 10/8
                  | Dam: 17, 17(claw), 17(trample)
                  | cold-blooded, fly
                  | Res: magic(40), cold++, poison, drown
                  | Vul: fire
                  | XP: 987
                  | Sp: cold breath (3d24) [!AM, !sil, breath]
                  | Sz: Giant
                  | Int: animal.
 10500 | D:11     | Sixotanaka: aren't you rc-?
 10500 | D:11     | zzxc: you really should look up the enemy before it deals 70% of your life in damage
 10500 | D:11     | chequers: whatever
 10500 | D:11     | zzxc: oh you're wearing FDA
 10500 | D:11     | zzxc: lololo
 10500 | D:11     | zzxc: RIP chequers
 10500 | D:11     | Sixotanaka: huehue
 10500 | D:11     | chequers: i have no resist hole
 10501 | D:11     | zzxc: 3 scrolls of blinking, better save until zot
 10501 | D:11     | chequers: see
 10501 | D:11     | chequers: it is sensible play
 10501 | D:11     | Sixotanaka: ah amulet
 10507 | D:11     | zzxc: amulet of the ENEMY
 10519 | D:11     | zzxc: trog's hand
 10521 | D:11     | Sixotanaka: is that what it's called?
 10521 | D:11     | Sixotanaka: wtf
 10525 | D:11     | Sixotanaka: wait what
 10525 | D:11     | zzxc: he can still oneshot you...
 10525 | D:11     | chequers: oh fuck
 10525 | D:11     | chequers: doesn't it patrol
 10525 | D:11     | zzxc: rip
 10525 | D:11     | chequers: it followed my pet blah
 10525 | D:11     | Sixotanaka: lol
 10525 | D:11     | Sixotanaka: i think it just followed you
 10531 | D:10     | zzxc: BYEBYE PET
 10596 | D:11     | Sixotanaka: it's basically free to get him back
 10596 | D:11     | chequers: i wonder if it's wandering or patrolling
 10596 | D:11     | zzxc: this loophole will be patched by a dev
 10596 | D:11     | zzxc: in time
 10596 | D:11     | chequers: let me look up the vault
 10596 | D:11     | chequers: !vault dragon1_lemuel
 10596 | D:11     | beem: 1/1. https://github.com/crawl/crawl/blob/master/crawl-ref/source/dat/des/variable/large_themed.des#L170
 10596 | D:11     | chequers: patrolling
 10667 | D:11     | chequers: that vault needs a runed door
 10779 | D:11     | Sixotanaka: when has crawl ever not just thrown a random dragon into the mix
 10781 | D:11     | Noticed Josephine
 10783 | D:11     | Reached skill level 10 in Fighting
 10789 | D:11     | Killed Josephine
 10834 | D:11     | Reached ****** piety under Hepliaklqana
 10845 | D:11     | Found a staircase to the Orcish Mines.
 10876 | D:11     | Noticed Sonja
 10896 | D:11     | Killed Sonja
 10896 | D:11     | Reached XP level 12. HP: 56/97 MP: 7/14
 11046 | D:11     | Sixotanaka: ok bed time, gl and ♥
 11046 | D:11     | chequers: l8r
 11047 | D:11     | zzxc: l8
 11209 | Orc:1    | Entered Level 1 of the Orcish Mines
 11209 | Orc:1    | Noticed an orc high priest
 11219 | Orc:1    | Killed an orc high priest
 11264 | Orc:1    | Found Viusu's Gadget Shop.
 11268 | Orc:1    | Found Ixzionk's General Store.
 11320 | Orc:1    | Found Geus's Food Shoppe.
 11675 | Orc:1    | Noticed an ettin
 11684 | Orc:1    | Killed an ettin
 11684 | Orc:1    | Reached skill level 17 in Axes
 11943 | Lair:1   | Entered Level 1 of the Lair of Beasts
 11957 | Lair:1   | Got a shimmering hand axe
 11958 | Lair:1   | Identified the +4 hand axe of Fuicanar {antimagic, -Tele rF+ Int+2} (You found it on level 1 of the Lair of Beasts)
 12030 | Lair:1   | Noticed a six-headed hydra
 12036 | Lair:1   | Killed a six-headed hydra
 12633 | Lair:1   | chequers: whoops
 12642 | Lair:1   | Reached skill level 18 in Axes
 12802 | Lair:1   | Noticed a four-headed hydra
 12809 | Lair:1   | Killed a four-headed hydra
 13912 | Lair:3   | Noticed an eight-headed hydra
 13934 | Lair:3   | Killed an eight-headed hydra
 14097 | Lair:3   | Reached skill level 19 in Axes
 14106 | Lair:3   | Reached XP level 13. HP: 104/104 MP: 15/15
 14404 | Lair:3   | chequers: really
 14404 | Lair:3   | chequers: venom then protection
 14752 | Lair:4   | Found a staircase to the Snake Pit.
 15308 | Lair:4   | Found a staircase to the Swamp.
 15521 | Lair:5   | Found a dark tunnel.
 15542 | Volcano  | Entered a volcano
 15664 | Volcano  | Reached skill level 20 in Axes
 16449 | Lair:6   | Entered Level 6 of the Lair of Beasts
 16519 | Lair:6   | Found a labyrinth entrance.
 16528 | Lab      | Entered a labyrinth
 16618 | Lab      | Noticed a minotaur
 16631 | Lab      | Killed a minotaur
 16682 | Lab      | Identified the Papyrus of Creation and Attacks
 16708 | Lair:6   | Reached skill level 21 in Axes
 16830 | Lair:6   | Got an ancient fire dragon armour
 16841 | Lair:6   | Identified the +4 fire dragon armour of Ru's Regard {rF++ rC- rN+ Str+3 Int+5} (You found it on level 6 of the Lair of Beasts)
 16878 | Lair:6   | Reached skill level 10 in Armour
 17270 | Lair:6   | Reached XP level 14. HP: 112/112 MP: 16/16
 17540 | Lair:6   | Found a staircase to the Slime Pits.
 17904 | Lair:6   | Identified Repnuih's Disquisition on Captivating Boosts
 18712 | Orc:2    | Entered Level 2 of the Orcish Mines
 18726 | Orc:2    | Noticed Ultraviolent4's ghost (journeyman TrFi)
 18749 | Orc:2    | Killed Ultraviolent4's ghost
 18873 | Orc:2    | Found Wuol's Antique Armour Shop.
 18932 | Orc:2    | Found a staircase to the Elven Halls.
 19496 | Orc:2    | Reached skill level 10 in Dodging
 19801 | Orc:2    | Found Vyobbevve's Distillery.
 19802 | Orc:2    | Found Eweawym's Assorted Antiques.
 19802 | Orc:2    | Found Emoff's Book Emporium.
 19803 | Orc:2    | Found Vuatat's Book Emporium.
 19810 | Orc:2    | Bought a scroll labeled NAECUI KUHOST for 25 gold pieces
 19810 | Orc:2    | Bought a potion of curing for 75 gold pieces
 19810 | Orc:2    | Bought a scroll of identify for 50 gold pieces
 19810 | Orc:2    | Bought a scroll of identify for 50 gold pieces
 19810 | Orc:2    | Bought a scroll of identify for 50 gold pieces
 19810 | Orc:2    | Bought a silver wand for 100 gold pieces
 19813 | Orc:2    | Bought a potion of cancellation for 112 gold pieces
 19813 | Orc:2    | Bought a potion of heal wounds for 70 gold pieces
 19813 | Orc:2    | Bought a potion of heal wounds for 70 gold pieces
 19820 | Orc:2    | Identified a +4 rod of clouds (13/13) (You found it on level 6 of the Lair of Beasts)
 19937 | Orc:2    | Reached XP level 15. HP: 123/123 MP: 17/17
 20998 | D:13     | Found a burning altar of Makhleb.
 21791 | D:14     | Noticed Agnes
 21798 | D:14     | Killed Agnes
 21859 | D:14     | Noticed Kirke
 21875 | D:14     | Killed Kirke
 22230 | D:14     | Found a gate to the Vaults.
 22618 | D:15     | Entered Level 15 of the Dungeon
 22694 | D:15     | Noticed Nessos
 22711 | D:15     | Killed Nessos
 22786 | D:15     | Reached skill level 15 in Fighting
 22801 | D:15     | Noticed Roxanne
 22904 | D:15     | Found a staircase to the Depths.
 23514 | D:15     | Killed Roxanne
 23514 | D:15     | Reached XP level 16. HP: 124/134 MP: 18/18
 23600 | D:11     | Bought an uncursed ring of poison resistance for 360 gold pieces
 23600 | D:11     | Upgraded the game from 0.19-a0-1268-g6c5d9f8 to 0.19-a0-1278-gf052eaa
 23600 | D:11     | Upgraded the game from 0.19-a0-1278-gf052eaa to 0.19-a0-1291-gc8f5409
 23847 | Swamp:1  | Entered Level 1 of the Swamp
 23851 | Swamp:1  | Noticed a thorn hunter
 23864 | Swamp:1  | Killed a thorn hunter
 23996 | Swamp:1  | Reached skill level 15 in Armour
 23996 | Swamp:1  | Reached skill level 1 in Evocations
 24042 | Swamp:1  | Identified a scroll of acquirement
 24731 | Swamp:2  | Noticed a thorn hunter
 24742 | Swamp:2  | Killed a thorn hunter
 26065 | Swamp:3  | Got a bronze ring mail
 26066 | Swamp:3  | Identified the +0 ring mail "Quow" {rF+ Int+3} (You found it on level 3 of the Swamp)
 26090 | Swamp:3  | Noticed Mara
 26398 | Swamp:3  | Noticed Aizul
 26417 | Swamp:3  | Killed Aizul
 26543 | Swamp:3  | Noticed a thorn hunter
 26552 | Swamp:3  | Killed a thorn hunter
 26552 | Swamp:3  | Reached skill level 5 in Evocations
 26769 | Swamp:4  | Entered Level 4 of the Swamp
 26927 | Swamp:4  | Noticed a thorn hunter
 26956 | Swamp:4  | Killed a thorn hunter
 27221 | Swamp:4  | Got a decaying rune of Zot
 27247 | Swamp:4  | Reached XP level 17. HP: 143/143 MP: 20/20
 28193 | Vaults:1 | Entered Level 1 of the Vaults
 28194 | Vaults:1 | Found a ruined silver gateway.
 28207 | Desolati | Entered the Desolation of Salt
 28239 | Desolati | Noticed Lasiace's ghost (adept MfIE)
 28478 | Desolati | Killed Lasiace's ghost
 28521 | Desolati | Identified Sif Muna's Guide on Nocuous Malediction
 28558 | Desolati | Learned a level 3 spell: Regeneration
 28562 | Desolati | Learned a level 3 spell: Spectral Weapon
 29110 | Desolati | Got a twisted chain mail
 29111 | Desolati | Identified the +8 chain mail of Grace {MR++ Str+4} (You found it in the Desolation of Salt)
 29117 | Desolati | Got a scintillating amber ring
 29119 | Desolati | Identified the ring "Pexiyts" {-Tele rElec rN+++ Dex+3} (You found it in the Desolation of Salt)
 29173 | Desolati | Got a shimmering tin ring
 29187 | Desolati | Identified the ring of Ixtyttoi {rC+ rN+ Int+5} (You took it off a servant of whispers in the Desolation of Salt)
 29511 | Desolati | Reached skill level 10 in Evocations
 30533 | Vaults:1 | Reached XP level 18. HP: 153/153 MP: 25/25
 31574 | Vaults:2 | Noticed Xtahua
 31591 | Vaults:2 | Killed Xtahua
 31947 | Vaults:2 | Reached skill level 15 in Dodging
 32282 | Vaults:2 | Noticed a tentacled monstrosity
 32295 | Vaults:2 | Killed a tentacled monstrosity
 33135 | Vaults:3 | Reached XP level 19. HP: 133/162 MP: 28/28
 33288 | Vaults:3 | Learned a level 2 spell: Repel Missiles
 33304 | Vaults:3 | Found a staircase to the Crypt.
 33767 | Vaults:3 | Found an ancient bone altar of Kikubaaqudgha.
 34164 | Vaults:3 | Paralysed by a great orb of eyes for 4 turns
 34202 | Vaults:3 | Found Qiepy's Antique Weapon Shop.
 34898 | Vaults:4 | Found a magical portal.
 34909 | WizLab   | Entered Doroklohe's Tomb
 35010 | WizLab   | Noticed an electric golem
 35032 | WizLab   | Killed an electric golem
 36024 | Vaults:4 | Reached skill level 22 in Axes
 36024 | Vaults:4 | Reached XP level 20. HP: 147/171 MP: 25/29
 36026 | Vaults:4 | Found a radiant altar of Vehumet.
 36034 | Vaults:4 | Got a faintly humming hat
 36045 | Vaults:4 | Identified the cursed +0 hat of Protective Custody {rPois Str+3 Dex+3} (You found it on level 4 of the Vaults)
 36115 | Vaults:4 | Got a thick robe
 36202 | Vaults:4 | Got a translucent hat
 36208 | Vaults:4 | Identified the cursed +0 hat of Baump {Int+4 Dex+6} (You found it on level 4 of the Vaults)
 36256 | Vaults:4 | Got a bloodstained robe
 36628 | Vaults:4 | Got a steaming robe
 37249 | Vaults:5 | Entered Level 5 of the Vaults
 37438 | Vaults:5 | Noticed an ancient lich
 37443 | Vaults:4 | Reached skill level 23 in Axes
 37713 | Vaults:4 | Killed an ancient lich
 37955 | Vaults:5 | Reached skill level 24 in Axes
 38273 | Vaults:5 | Noticed Akrasiac's ghost (veteran HuFi)
 38309 | Vaults:5 | Killed Akrasiac's ghost
 38668 | Vaults:5 | Reached skill level 25 in Axes
 38668 | Vaults:5 | Reached XP level 21. HP: 86/178 MP: 30/30
 39460 | Vaults:5 | Got a shimmering ruby amulet
 39519 | Vaults:5 | Reached skill level 26 in Axes
 39532 | Vaults:5 | Noticed a golden dragon
 39551 | Vaults:5 | Killed a golden dragon
 39860 | Vaults:5 | Got a silver rune of Zot
 40172 | Vaults:5 | Got a bronze chain mail
 40173 | Vaults:5 | Identified the amulet of the Nine Suns {Faith Str+3} (You took it off a yaktaur on level 5 of the Vaults)
 40174 | Vaults:5 | Identified the +1 chain mail "Deomiq" {Int+2 Stlth+} (You found it on level 5 of the Vaults)
 40547 | Vaults:5 | Got an encrusted gold dragon armour
 40550 | Vaults:5 | Identified the +1 gold dragon armour "Pozxuabagu" {rPois rF+ rC+ rN+} (You took it off a yaktaur captain on level 5 of the Vaults)
 40641 | Vaults:5 | Got a wizard robe
 40642 | Vaults:5 | Identified the +2 robe of the Ward {rCorr Str-5 Int+6 Dex-5} (You took it off an entropy weaver on level 5 of the Vaults)
 40659 | Vaults:5 | Got a faintly glowing zirconium amulet
 40660 | Vaults:5 | Identified the amulet "Zuuchya" {Inacc Dex+9} (You found it on level 5 of the Vaults)
 40668 | Vaults:5 | Identified Ridax Ofi's Compendium of Creative Dislocation
 40681 | Vaults:5 | Got a pair of transparent boots
 40692 | Vaults:5 | Identified the +1 pair of boots of Megh {Str-3 Dex+4 SInv} (You found it on level 5 of the Vaults)
 40713 | Vaults:5 | Identified Geted's Compendium of Confrontation
 40734 | Vaults:5 | Identified the Catalogue of Clay and Weightlessness
 40738 | Vaults:5 | Identified the Catalogue of the Entourage
 40887 | Vaults:5 | Paralysed by a great orb of eyes for 5 turns
 41371 | Snake:1  | Entered Level 1 of the Snake Pit
 41760 | Snake:1  | Reached XP level 22. HP: 185/189 MP: 31/31
 43284 | Snake:3  | Got a pair of steaming boots
 43295 | Snake:3  | Identified the +2 pair of boots "Gefac" {rCorr Int+3} (You found it on level 3 of the Snake Pit)
 43989 | Snake:4  | Entered Level 4 of the Snake Pit
 44991 | Snake:4  | Got a serpentine rune of Zot
 45450 | Elf:1    | Entered Level 1 of the Elven Halls
 45735 | Elf:1    | Paralysed by a giant eyeball for 4 turns
 45868 | Elf:1    | Found Dukeesy's Weapon Emporium.
 45875 | Elf:1    | Found Piutak's Distillery.
 45882 | Elf:1    | Bought a potion of curing for 39 gold pieces
 45882 | Elf:1    | Bought a potion of curing for 39 gold pieces
 45882 | Elf:1    | Bought a potion of agility for 52 gold pieces
 45981 | Elf:1    | Got a slimy golden ring
 45982 | Elf:1    | Identified the ring "Epeif" {rElec MR+ Int+2} (You found it on level 1 of the Elven Halls)
 46649 | Elf:1    | Cast into level 3 of the Abyss (a deep elf sorcerer)
 46691 | Abyss:3  | Gained mutation: You are frail. (-10% HP) [a neqoxec]
 46692 | Abyss:3  | Gained mutation: Your spells are a little easier to cast, but a little less powerful. [a neqoxec]
 46706 | Abyss:3  | Reached XP level 23. HP: 160/173 MP: 32/32
 46741 | Elf:1    | Escaped the Abyss
 47061 | Elf:2    | Found a runed door.
 47085 | Elf:2    | Found a runed door.
 47436 | Elf:2    | Noticed Azrael
 47451 | Elf:2    | Killed Azrael
 47451 | Elf:2    | Reached skill level 1 in Charms
 47549 | Elf:2    | Reached skill level 5 in Invocations
 47901 | Elf:3    | Entered Level 3 of the Elven Halls
 47956 | Elf:3    | Found Yshraludgh's Gadget Boutique.
 47958 | Elf:3    | Found Judofa's Jewellery Emporium.
 47959 | Elf:3    | Found Qadavi's Gadget Boutique.
 47969 | Elf:3    | Bought a box of beasts for 240 gold pieces
 48208 | Elf:3    | Got a bloodstained plate armour
 48209 | Elf:3    | Identified the cursed +0 plate armour of Gravitas {rPois Slay+5} (You found it on level 3 of the Elven Halls)
 48266 | Elf:3    | Found Micwuem's Antique Armour Shoppe.
 48272 | Elf:3    | Bought a runed cloak for 153 gold pieces
 49064 | Elf:3    | Reached skill level 5 in Charms
 49413 | Elf:3    | Identified a +3 rod of ignition (9/9) (You took it off a deep elf mage on level 3 of the Elven Halls)
 49417 | Elf:3    | Got a crude wooden ring
 49418 | Elf:3    | Identified the ring "Adecon" {Fire *Drain rElec rN+ Dex+3} (You took it off a deep elf annihilator on level 3 of the Elven Halls)
 49427 | Elf:3    | Identified the Tome of Poison
 49692 | Elf:3    | Lost mutation: You are frail. (-10% HP) [potion of cure mutation]
 49692 | Elf:3    | Lost mutation: You have sharp toenails. [potion of cure mutation]
 49692 | Elf:3    | Lost mutation: Your spells are a little easier to cast, but a little less powerful. [potion of cure mutation]
 49952 | Depths:1 | Entered Level 1 of the Depths
 50002 | Depths:1 | Found a gateway to Hell.
 50132 | Depths:1 | Found a one-way gate to the infinite horrors of the Abyss.
 50138 | Depths:1 | Found Xuhof's Weapon Emporium.
 50142 | Depths:1 | Found Fuomp's Food Shoppe.
 50426 | Depths:1 | Identified the Disquisition on Evil Arts and Transmutation
 50757 | Depths:2 | Reached skill level 10 in Invocations
 50762 | Depths:2 | Reached XP level 24. HP: 202/202 MP: 31/32
 51113 | Depths:2 | Found a corrupted altar of Lugonu.
 51322 | Depths:2 | Reached skill level 1 in Necromancy
 51491 | Depths:2 | Noticed a greater mummy
 51495 | Depths:2 | Killed a greater mummy
 51646 | Depths:2 | Noticed a greater mummy
 51658 | Depths:2 | Killed a greater mummy
 51668 | Depths:2 | Noticed a greater mummy
 51692 | Depths:2 | Killed a greater mummy
 51859 | Depths:2 | Found a one-way gate leading to the halls of Pandemonium.
 52032 | Depths:3 | Found a flickering gateway to a bazaar.
 52049 | Bazaar   | Entered a bazaar
 52049 | Bazaar   | Found Onoc's Book Shoppe.
 52049 | Bazaar   | Found Xydil's Antique Weapon Shoppe.
 52050 | Bazaar   | Found Ekhavaux's Jewellery Emporium.
 52050 | Bazaar   | Found Pugraom's Book Emporium.
 52066 | Bazaar   | Bought the amulet of Suptogge {rElec rC+++ Regen+ Str-3 Stlth+} for 1057 gold pieces
 52162 | Depths:3 | Reached skill level 5 in Necromancy
 52362 | Depths:3 | Noticed a juggernaut
 52369 | Depths:3 | Killed a juggernaut
 52547 | Depths:3 | Noticed Frederick
 52561 | Depths:3 | Killed Frederick
 52612 | Depths:3 | Noticed a juggernaut
 52627 | Depths:3 | Killed a juggernaut
 52740 | Depths:3 | Got a flickering lead ring
 52741 | Depths:3 | Identified the ring of Makor {*Drain +Blink Str+3 SInv Stlth+} (You acquired it on level 3 of the Depths)
 53946 | Depths:4 | Found a bloodstained altar of Trog.
 54422 | Depths:4 | Reached XP level 25. HP: 149/209 MP: 32/32
 54447 | Depths:4 | Paralysed by a giant eyeball for 2 turns
 54921 | Depths:4 | Noticed the Enchantress
 54932 | Depths:4 | Killed the Enchantress
 54957 | Depths:4 | Got a faerie dragon armour
 54958 | Depths:4 | Identified the +1 faerie dragon armour {HP+10 Int+4 Dex+4} (You took it off the Enchantress on level 4 of the Depths)
 55228 | Depths:5 | Entered Level 5 of the Depths
 55239 | Depths:5 | Found Zeshraeh's General Store.
 55245 | Depths:5 | Bought a scroll of enchant weapon for 172 gold pieces
 55245 | Depths:5 | Bought a wand of heal wounds (6/9) for 1380 gold pieces
 55263 | Depths:5 | Reached skill level 10 in Necromancy
 55349 | Depths:5 | Found a gate to the Realm of Zot.
 55574 | Depths:5 | Paralysed by a sphinx for 5 turns
 55810 | Depths:5 | Found a gateway to a ziggurat.
 56047 | Depths:5 | Reached skill level 10 in Charms
 56214 | Depths:5 | Identified the Grimoire of the Rocks
 56575 | Hell     | Entered the Vestibule of Hell
 56575 | Hell     | Noticed Geryon
 56606 | Hell     | Killed Geryon
 56794 | Hell     | Noticed Murray
 57105 | Hell     | Killed Murray
 57364 | Hell     | Found a gateway to the ashen valley of Gehenna.
 57421 | Hell     | Found a gateway to the Iron City of Dis.
 57455 | Hell     | Found a gateway to the freezing wastes of Cocytus.
 57518 | Hell     | Found a gateway to the decaying netherworld of Tartarus.
 57857 | Depths:1 | Voluntarily entered the Abyss.
 58188 | Abyss:1  | Reached XP level 26. HP: 205/216 MP: 32/32
 58298 | Abyss:2  | Found an iron altar of Okawaru.
 58312 | Abyss:2  | Found an iron altar of Okawaru.
 58406 | Abyss:2  | Found a corrupted altar of Lugonu.
 58497 | Abyss:2  | Gained mutation: You are weak. (Str -2) [a neqoxec]
 58932 | Abyss:2  | Found a corrupted altar of Lugonu.
 59125 | Abyss:3  | Found a shadowy altar of Dithmenos.
 59467 | Abyss:4  | Got an abyssal rune of Zot
 59741 | Abyss:4  | Found a roughly hewn altar of Beogh.
 59852 | Depths:1 | Escaped the Abyss
 60022 | Crypt:1  | Entered Level 1 of the Crypt
 61454 | Crypt:3  | Entered Level 3 of the Crypt
 61652 | Crypt:3  | Identified Deig's Almanac of Darkness
 61703 | Crypt:3  | Reached skill level 1 in Air Magic
 62006 | Crypt:3  | Found a basalt altar of Yredelemnul.
 62327 | Crypt:3  | Reached XP level 27. HP: 198/222 MP: 32/32
 62341 | Crypt:3  | Got a glittering platinum amulet
 62342 | Crypt:3  | Identified the amulet of Ucablane {Spirit rPois rN+ Int+2 Dex+4} (You found it on level 3 of the Crypt)
 62512 | Crypt:3  | Reached skill level 5 in Air Magic
 62795 | Crypt:3  | Found a staircase to the Tomb.
 63689 | Crypt:3  | Got a warped amber ring
 63690 | Crypt:3  | Identified the ring "Kubbej" {rPois MR+ Str+4 Dex-4 Stlth+} (You found it on level 3 of the Crypt)
 64444 | Slime:1  | Entered Level 1 of the Pits of Slime
 64452 | Slime:1  | Gained mutation: Scrolls take you a little longer to read. [a shining eye]
 64635 | Slime:5  | Entered Level 5 of the Pits of Slime
 64637 | Slime:5  | Gained mutation: You are frail. (-10% HP) [a shining eye]
 64638 | Slime:5  | Gained mutation: You are clumsy. (Dex -2) [a shining eye]
 64724 | Slime:5  | Found a viscous altar of Jiyva.
 64724 | Slime:5  | Noticed the Royal Jelly
 64742 | Slime:5  | Killed the Royal Jelly
 64779 | Slime:5  | Got a slimy rune of Zot
 64838 | Slime:5  | Gained mutation: You are partially covered in slimy green scales. (AC +2) [a shining eye]
 65062 | D:11     | Lost mutation: You are partially covered in slimy green scales. (AC +2) [potion of cure mutation]
 65062 | D:11     | Lost mutation: You are weak. (Str -2) [potion of cure mutation]
 65062 | D:11     | Lost mutation: Scrolls take you a little longer to read. [potion of cure mutation]
 65062 | D:11     | Lost mutation: You are frail. (-10% HP) [potion of cure mutation]
 65286 | Zot:1    | Entered Level 1 of the Realm of Zot
 65654 | Zot:1    | Reached skill level 15 in Invocations
 65941 | Zot:2    | Got a fine wooden ring
 65942 | Zot:2    | Identified the ring "Syriacve" {Str+7 Dex+4 SInv} (You acquired it on level 2 of the Realm of Zot)
 66356 | Zot:5    | Entered Level 5 of the Realm of Zot
 66423 | Zot:5    | Noticed an ancient lich
 66427 | Zot:5    | Killed an ancient lich
 66452 | Zot:5    | Noticed an orb of fire
 66452 | Zot:5    | Noticed an orb of fire
 66454 | Zot:5    | Noticed an orb of fire
 66455 | Zot:5    | Gained mutation: You passively map a small area around you. [an orb of fire]
 66458 | Zot:5    | Gained mutation: Armour fits poorly on your strangely shaped body. [an orb of fire]
 66461 | Zot:5    | Killed an orb of fire
 66462 | Zot:5    | Gained mutation: Your magical capacity is low. (-10% MP) [an orb of fire]
 66464 | Zot:5    | Killed an orb of fire
 66464 | Zot:5    | Gained mutation: You are occasionally teleported next to monsters. [an orb of fire]
 66475 | Zot:5    | Killed an orb of fire
 66567 | Zot:5    | Got the Orb of Zot
 66568 | Zot:5    | Noticed an orb of fire
 66623 | Zot:3    | Gained mutation: You regenerate slowly when monsters are visible. [mutagenic glow]
 66730 | Zot:1    | Noticed Fepaa the pandemonium lord
 66777 | Zot:1    | Noticed an orb of fire
 66786 | Zot:1    | Gained mutation: You are sometimes teleported next to monsters. [an orb of fire]
 66790 | Zot:1    | Killed an orb of fire
 66790 | Zot:1    | Reached skill level 27 in Axes
 66814 | Zot:1    | Noticed Fuburima the pandemonium lord
 66823 | Zot:1    | Killed Fuburima the pandemonium lord
 67253 | D:5      | Gained mutation: Your mind is acute. (Int +2) [a cacodemon]
 67373 | D:$      | Escaped with the Orb!

Vault maps used:
D:1:      minmay_arrival_four_loops, minmay_fountain_box, nrook_mini_vaults,
          minmay_misc_feat_ornament, minmay_stone_trees_medium,
          minmay_pentomino_q2
D:2:      ecumenical_altar_2, solitary_fountain
D:3:      uniq_robin, uniq_crazy_yiuf_cottage
D:4:      serial_co_window_serial, co_window_paths_b, co_window_paths_a,
          co_window_corner_a, co_window_of_opportunity_a, co_window_corner_a,
          co_window_corner_a, co_window_corner_a, co_window_paths_b,
          co_window_paths_a, co_window_broadway_b, co_window_cross_4,
          co_window_cross_4, co_window_paths_c, co_window_corner_cb,
          co_window_corner_b, co_window_2corner, glass_columns_b
D:5:      portal_sewer_entry_d, nicolae_ossuary_entry_giza, first_bread
D:6:      serial_shops, nicolae_shop_trees
D:7:      st_stairs_14, minivault_11, lemuel_oklob_altar, uniq_duvessa
D:8:      cheibriados_altar_1
D:10:     uniq_nergalle, uniq_snorg, uniq_urug
D:11:     dragon1_lemuel, minmay_lair_entry_grove, minmay_orc_entry_guard_dogs,
          serial_shops, nicolae_shop_crystal, uniq_psyche, uniq_sonja,
          uniq_josephine
D:13:     basic_altar
D:14:     erik_vaults_1, patterned_corridor, grunt_tengu_nest, uniq_kirke,
          uniq_agnes
D:15:     hangedman_depths_entry_civil_slaughter, dk_noncrumbling_3,
          uniq_nessos, uniq_roxanne
Temple:   kilobyte_greek_temple
Lair:1:   serial_bayou, serial_bayou_lagoon_a, serial_bayou_lake_a,
          serial_bayou_pond_b, serial_bayou_pond_e, special_room
Lair:2:   minmay_holes
Lair:3:   grunt_megastairs_1
Lair:4:   nicolae_swamp_entry_splash_gauntlet, guppyfry_snake_entry_garden,
          infiniplex_staircase_pool
Lair:5:   enter_volcano_3, st_stairs_3, grunt_megastairs_4
Lair:6:   hangedman_lair_in_review, hangedman_lair_caniforms_friends,
          dpeg_slime_entry_corner, lab_entry_generic,
          grunt_forest_large_clearings
Swamp:1:  cheibrodos_swamp_tower_of_moss, evilmike_swamp_ruin_house_2,
          st_swamp_ruins_2
Swamp:2:  evilmike_swamp_ruin_house_5, swamp_pool3
Swamp:3:  evilmike_swamp_ruin_house_6, uniq_mara, uniq_aizul
Swamp:4:  swamp_alternative
Snake:2:  minmay_snake_river, special_room, serial_bayou_pond_a,
          nicolae_snake_squiggles
Snake:3:  grunt_ministairs_10, st_stairs_8
Snake:4:  minmay_snake_end_coiled, serial_bayou_pond_e
Slime:1:  nicolae_slime_jelly_donut
Slime:2:  nicolae_slime_welcoming_committee
Slime:4:  nicolae_slime_barrier
Orc:1:    serial_shops, shop, shop, nicolae_shop_crystal
Orc:2:    st_orc_pillars, serial_shops, shop
Elf:1:    minmay_guarded_unrand_high_council, kennysheep_underground_church,
          onia_ninara_cookie, minmay_shop_star
Elf:2:    basic_stair_grate_trap, uniq_azrael
Elf:3:    minmay_elf_hall_not_hex, serial_shops, nicolae_shop_behind_doors,
          minmay_shop_grove
Vaults:1: vaults_room_grid, vaults_room_corners, hangedman_vaults_slither,
          v_misc_15, vaults_mumra_hexcomb, vaults_room_door_hall,
          nicolae_vaults_little_squares_1, hangedman_vaults_cutoff,
          hangedman_vaults_river_flow, grunt_vaults_focal,
          nicolae_vaults_little_squares_3, portal_desolation_entry_ruin
Vaults:2: vaults_room_corners, grunt_vaults_funnel, vaults_dpeg_hooks,
          ontoclasm_vaults_eye, stair_cage_open,
          vaults_mumra_minichess_inversion, ontoclasm_vaults_idyll, v_pattern_2,
          vaults_room_octagon, v_misc_1, serial_ice_b, uniq_xtahua
Vaults:3: minmay_crypt_entry_nasty_monster, dpeg_vaults_monster_row,
          vaults_room_large_hall, nicolae_vaults_yaktaur_gun_rack,
          st_octagons_2, vaults_room_door_ring, ontoclasm_vaults_pinch,
          nicolae_vaults_gold_heap, v_misc_3, serial_shops, shop, basic_altar
Vaults:4: ontoclasm_vaults_bender, v_misc_1, grunt_tower_of_power,
          nicolae_vaults_alarming, ontoclasm_vaults_chip, grunt_vaults_diagonal,
          vaults_room_semicircle, dpeg_vaults_monster_box, v_misc_12,
          vaults_room_door_hall, mu_enter_wizlab_1
Crypt:1:  roderic_lattice_octagonal_star, grunt_crypt_arrival_guarded_gate
Crypt:3:  evilmike_haunted_forest
Depths:1: hell_entry, abyss_entry, minmay_misc_feat_chi, hangedman_aviary,
          minmay_shoptagon
Depths:2: minmay_guarded_unrand_sceptre_of_torment, abyss_entry_flame_altar,
          rand_demon_pan_entry_1, pf_hell_entry_great_geh,
          basic_stair_grate_trap, minmay_staircase_windowed_small,
          serial_bayou_shore_b
Depths:3: evilmike_cross, rand_demon_pan_entry_8, serial_shops, bzr_entry_water,
          hell_entry, grunt_decor_arrowhead,
          minmay_staircase_statues_hall_large, uniq_frederick
Depths:4: spriggan_forest, hell_entry, abyss_entry
Depths:5: grunt_zot_entry_bicorn, enter_ziggurat_d, serial_shops, shop,
          lightli_too_deep, grunt_pan_entry_sceptre, grunt_megastairs_2
Zot:1:    evilmike_crystal_ball_defense
Zot:3:    grunt_ministairs_11
Zot:5:    st_stairs_4
Abyss:2:  hangedman_abyss_or_decor_jellyfish_corner
Abyss:3:  evilmike_abyss_exit_kraken, hangedman_abyss_or_decor_passed,
          minivault_25_ag, minivault_26,
          dshaligram_kb_abyss_rune_zappy_water_cross
Abyss:4:  evilmike_nicolae_abyss_rune_betentacled_crabyss,
          hangedman_elemental_corridor, grunt_abyss_rune_wretched_hive
Lab:      labyrinth_hidden_loot, nicolae_lab_quarters, nicolae_lab_x,
          lab_fountain, nicolae_lab_do_over
Bazaar:   bazaar_jpeg_oval
Sewer:    sewer_kobolds
Ossuary:  ossuary_minmay_four_chambers
Volcano:  volcano_aerie
WizLab:   wizlab_doroklohe

Skill      XL: |  1  2  3  4  5  6  7  8  9 10 11 12 13 14 15 16 17 18 19 20 21 22 23 24 25 26 27 |
---------------+----------------------------------------------------------------------------------+-----
Axes           | 3 4 5 6 7 9 11 12 14 15 16 19 21 22 25 26 27 | 27.0
Armour         | 6 7 9 10 12 14 15 16 17 18 20 23 24 | 24.2
Fighting       | 7 9 10 11 13 15 16 17 18 19 20 23 | 23.3
Invocations    | 4 10 15 | 15.8
Dodging        | 6 7 10 12 13 14 15 16 20 | 20.2
Evocations     | 6 11 14 | 14.1
Charms         | 6 9 10 12 | 12.9
Necromancy     | 9 12 14 | 14.5
Air Magic      | 4 6 |  6.2
Shields        | |  3.6

Action                   |  1- 3 |  4- 6 |  7- 9 | 10-12 | 13-15 | 16-18 | 19-21 | 22-24 | 25-27 || total
-------------------------+-------+-------+-------+-------+-------+-------+-------+-------+-------++-------
Melee: War axe           |   111 |    88 |   220 |   354 |       |       |       |       |       ||   773
       Headbutt          |    11 |    14 |    43 |   128 |   262 |   315 |   350 |   436 |   713 ||  2272
       Kick              |       |       |    56 |   199 |   297 |       |       |       |       ||   552
       Battleaxe         |       |       |       |   257 |  1049 |  1139 |   332 |       |       ||  2777
       Eveningstar       |       |       |       |    18 |    15 |    24 |       |       |       ||    57
       Executioner's axe |       |       |       |       |       |       |   738 |  1400 |  1943 ||  4081
 Cast: Repel Missiles    |       |       |       |       |       |       |       |     1 |     1 ||     2
       Regeneration      |       |       |       |       |       |       |       |       |    20 ||    20
Invok: Ancestor Identity |     3 |       |       |       |       |       |       |       |       ||     3
       Ancestor Life: He |       |     1 |       |       |       |       |       |       |       ||     1
       Idealise          |       |       |     1 |     3 |     5 |     1 |     4 |     5 |    13 ||    32
       Recall Ancestor   |       |       |       |     3 |     1 |     3 |     3 |     1 |     7 ||    18
       Transference      |       |       |       |     2 |       |       |       |     1 |       ||     3
Evoke: Wand              |       |       |       |     3 |       |       |     7 |     7 |    10 ||    27
       Rod               |       |       |       |       |       |     2 |       |       |       ||     2
       Phial of floods   |       |       |       |       |       |       |       |     1 |     1 ||     2
  Use: Scroll            |       |    10 |     9 |    20 |    15 |    13 |    19 |    17 |    18 ||   121
       Potion            |       |       |     1 |     6 |     1 |    14 |     7 |     3 |    12 ||    44
 Stab: Confused          |       |     1 |     7 |     4 |    10 |    11 |    60 |   107 |   124 ||   324
       Distracted        |       |       |     3 |     7 |    23 |    21 |    18 |    12 |    34 ||   118
       Paralysed         |       |       |       |       |    19 |    40 |    54 |    42 |    61 ||   216
       Sleeping          |       |       |       |       |       |       |     1 |     2 |     2 ||     5
       Invisible         |       |       |       |       |       |       |       |       |     3 ||     3
  Eat: Chunk             |     3 |     5 |     9 |    23 |    31 |    25 |    20 |    16 |     5 ||   137
       Beef jerky        |       |       |     2 |       |       |       |       |       |     1 ||     3
       Royal jelly       |       |       |       |     1 |       |     2 |     1 |     7 |     2 ||    13
       Pizza             |       |       |       |       |       |     4 |     1 |     5 |     3 ||    13
       Meat ration       |       |       |       |       |       |       |     1 |       |       ||     1
       Bread ration      |       |       |       |       |       |       |       |     1 |     8 ||     9
Armor: Scale mail        |    10 |       |       |       |       |       |       |       |       ||    10
       Chain mail        |    45 |    47 |    62 |     5 |       |       |       |       |       ||   159
       Plate armour      |       |       |       |    44 |       |       |       |       |       ||    44
       Fire dragon armou |       |       |       |   147 |   310 |   519 |   328 |   335 |   532 ||  2171
       Skin              |       |       |       |    91 |       |       |       |       |       ||    91
Dodge: Dodged            |    26 |    21 |    55 |   284 |   688 |   812 |   766 |   986 |  1524 ||  5162
       Deflected         |       |       |       |       |       |       |       |     2 |     9 ||    11
Block: Shield            |    59 |    47 |    79 |    24 |       |       |       |       |       ||   209
       Buckler           |       |       |       |    71 |       |       |       |       |       ||    71
